Map: [ESL] Gresvan

Players

Reynor - Winner!

  • Race: Zerg Zerg
  • Spawn Location: 11:00

Lambo

  • Race: Zerg Zerg
  • Spawn Location: 5:00

Event: ESL SC2 Masters 2023 Summer (Regionals)

VOD

Have the link to the VOD?

Description

Time

  • Played on: May 28, 2023, 7:05 a.m.
  • Length: 12:11

All games in this series

Show
View Real Time Build Order
Export as new Build Order

Reynor Zerg - Winner!

Build Orders: Hatch First 

Get SALT Encoding   

  12  0:00  Drone  
  13  0:12  Overlord  
  13  0:16  Drone  
  14  0:30  Drone x2  
  16  0:48  Hatchery  
  15  0:50  Drone  
  15  0:54  Drone  
  17  0:57  Drone  
  18  1:09  Extractor  
  17  1:12  Spawning Pool  
  17  1:16  Drone  
  17  1:19  Drone  
  18  1:27  Drone  
  19  1:38  Drone  
  20  1:48  Drone  
  21  1:59  Overlord  
  21  2:00  Queen x2  
  21  2:01  Drone  
  26  2:09  Metabolic Boost  
  26  2:11  Zergling x2  
  26  2:12  Drone  
  28  2:21  Drone, Zergling x2  
  30  2:32  Hatchery  
  30  2:35  Drone  
  30  2:37  Drone  
  31  2:44  Drone  
  31  2:45  Baneling Nest  
  31  2:49  Overlord  
  31  2:53  Drone  
  31  2:54  Drone  
  33  3:04  Drone  
  35  3:05  Drone  
  35  3:11  Drone, Overlord  
  36  3:13  Zergling x6  
  36  3:14  Zergling x2  
  36  3:19  Zergling x2  
  41  3:24  Drone, Evolution Chamber  
  41  3:29  Baneling x2  
  41  3:31  Drone  
  41  3:33  Drone  
  43  3:41  Overlord, Drone x2  
  43  3:42  Drone x3  
  43  3:44  Drone  
  43  3:46  Drone  
  51  3:48  Drone  
  51  3:52  Zerg Missile Weapons Level 1  
  51  4:00  Roach Warren  
  51  4:01  Drone x2  
  52  4:08  Overlord  
  51  4:10  Drone x3  
  56  4:20  Extractor, Drone x4  
  56  4:22  Drone, Queen  
  56  4:24  Drone x2  
  61  4:29  Lair  
  61  4:30  Drone  
  63  4:33  Drone x2  
  63  4:37  Drone  
  63  4:38  Drone  
  67  4:41  Overlord  
  66  4:47  Drone  
  66  4:48  Extractor, Drone  
  66  4:49  Drone  
  66  4:50  Drone x2  
  66  4:51  Drone, Overlord  
  66  4:52  Drone x2  
  73  4:59  Extractor, Drone  
  73  5:00  Drone  
  73  5:03  Drone  
  75  5:10  Overlord, Drone  
  75  5:13  Drone  
  77  5:16  Extractor  
  77  5:17  Extractor  
  77  5:19  Drone x2  
  77  5:21  Overlord  
  77  5:26  Drone x2, Hatchery  
  77  5:27  Glial Reconstitution  
  78  5:29  Evolution Chamber  
  78  5:30  Overseer  
  78  5:32  Roach x3  
  78  5:33  Overlord  
  82  5:36  Roach x4  
  82  5:39  Pneumatized Carapace  
  90  5:44  Overlord  
  90  5:49  Zerg Missile Weapons Level 2  
  90  5:51  Roach  
  90  5:53  Roach  
  90  5:54  Roach  
  96  5:58  Overlord  
  96  6:03  Roach x5  
  106  6:07  Overlord  
  106  6:12  Roach x4  
  106  6:15  Zerg Ground Armor Level 1  
  106  6:16  Drone  
  106  6:17  Drone x2  
  117  6:18  Drone  
  117  6:20  Drone x3  
  117  6:23  Drone  
  122  6:27  Queen  
  122  6:29  Overlord  
  122  6:30  Roach, Queen  
  128  6:33  Drone x2  
  128  6:34  Roach  
  132  6:41  Roach x4  
  132  6:43  Overseer  
  132  6:45  Overlord  
  140  6:47  Ravager x3  
  140  6:48  Extractor  
  140  6:49  Roach x2  
  140  6:50  Roach  
  140  6:53  Drone  
  149  6:55  Spore Crawler, Ravager  
  149  6:56  Roach  
  144  7:01  Drone  
  144  7:02  Drone, Overlord  
  144  7:04  Drone x4  
  144  7:07  Drone x3  
  151  7:11  Roach x2  
  151  7:13  Overlord  
  151  7:14  Ravager x3  
  158  7:17  Overlord  
  158  7:20  Overlord  
  158  7:24  Roach x2  
  158  7:25  Roach x2  
  164  7:31  Overlord  
  164  7:35  Roach x4  
  172  7:41  Roach x5  
  181  7:47  Roach x4  
  181  7:51  Roach x3  
  189  7:54  Overlord  
  189  7:55  Roach  
  189  7:56  Roach  
  195  8:00  Burrow  
  195  8:01  Tunneling Claws  
  193  8:06  Roach x3  
  195  8:16  Roach x3  
  200  8:24  Spore Crawler  
  200  8:25  Spine Crawler  
  198  8:31  Roach x6  
  183  8:36  Roach  
  183  8:37  Roach x8  
  183  8:40  Roach x3  
  180  8:42  Roach  
  166  8:48  Ravager  
  166  8:49  Roach, Ravager x2  
  166  8:50  Roach x3  
  166  8:52  Spore Crawler  
  182  8:55  Roach x3  
  182  8:57  Roach  
  182  9:01  Roach x2  
  188  9:04  Ravager x2  
  188  9:08  Roach x3, Spine Crawler  
  195  9:13  Roach x2  
  195  9:14  Roach  
  195  9:15  Roach x4  
  199  9:19  Roach x3  
  199  9:26  Infestation Pit  
  195  9:33  Roach x4  
  200  9:39  Roach x5  
  200  9:40  Overlord  
  200  9:43  Overlord  
  199  9:47  Roach  
  196  9:53  Spore Crawler  
  196  9:54  Overseer  
  184  10:00  Roach x6  
  184  10:01  Roach x4  
  184  10:03  Roach x3  
  199  10:08  Roach x2  
  199  10:09  Roach x4  
  199  10:11  Roach  
  199  10:12  Roach x2  
  199  10:13  Roach  
  199  10:21  Roach x2  
  199  10:31  Roach x2  
  199  10:36  Ravager  
  199  10:40  Roach x2  
  196  10:44  Roach x4  
  196  10:45  Roach x2  
  196  10:47  Roach x2  
  196  10:48  Roach x2  
  196  10:49  Roach x2  
  190  10:52  Roach  
  190  10:55  Roach x3  
  190  10:56  Roach x2  
  195  10:59  Roach x3  
  195  11:01  Roach  
  200  11:05  Ravager x2  
  200  11:06  Roach  
  200  11:11  Roach x52  
  198  11:13  Roach  
  189  11:34  Roach x8  
  189  11:38  Roach  
  189  11:39  Roach x7  
  185  11:44  Roach  
  153  11:52  Roach x3  
  147  12:07  Hatchery  
Show
View Real Time Build Order
Export as new Build Order

Lambo Zerg 

Build Orders: Hatch First 

Get SALT Encoding   

  12  0:00  Drone  
  13  0:12  Overlord  
  13  0:17  Drone  
  14  0:30  Drone x2  
  16  0:47  Hatchery  
  15  0:50  Drone  
  15  0:54  Drone  
  17  0:57  Drone  
  18  1:07  Extractor  
  17  1:11  Spawning Pool  
  17  1:15  Drone  
  17  1:18  Drone  
  18  1:28  Drone  
  19  1:38  Drone  
  20  1:50  Drone  
  21  1:58  Queen  
  21  1:59  Queen, Zergling x2  
  21  2:01  Overlord  
  26  2:07  Metabolic Boost  
  26  2:09  Drone  
  26  2:10  Drone  
  28  2:21  Drone x2  
  30  2:31  Drone  
  30  2:33  Zergling x2  
  32  2:37  Hatchery  
  32  2:42  Drone  
  32  2:46  Baneling Nest  
  32  2:49  Overlord  
  31  2:53  Drone  
  31  2:55  Drone  
  33  3:02  Queen  
  35  3:09  Drone x4  
  39  3:13  Zergling x2  
  39  3:15  Zergling x2  
  39  3:19  Zergling x2  
  42  3:20  Drone x2  
  44  3:27  Overlord  
  44  3:31  Baneling  
  44  3:34  Evolution Chamber  
  44  3:37  Overlord  
  43  3:42  Drone  
  43  3:46  Overlord, Drone x3  
  47  3:50  Drone  
  47  3:52  Drone x2  
  47  3:53  Drone x2  
  51  4:00  Drone x2  
  51  4:01  Baneling  
  53  4:06  Zergling x2  
  53  4:07  Zergling x2  
  55  4:13  Extractor, Zerg Missile Weapons Level 1  
  55  4:14  Extractor  
  55  4:16  Drone x2  
  55  4:18  Roach Warren  
  55  4:20  Overlord  
  55  4:21  Drone x3  
  55  4:23  Drone  
  58  4:26  Overlord  
  58  4:28  Drone  
  58  4:30  Drone  
  60  4:33  Overlord  
  60  4:36  Drone x2  
  62  4:40  Lair  
  62  4:44  Drone  
  63  4:45  Drone x3  
  63  4:51  Drone x4  
  70  4:54  Pneumatized Carapace  
  70  4:55  Extractor  
  69  5:00  Drone x5  
  69  5:03  Overlord  
  69  5:04  Drone  
  69  5:06  Drone  
  76  5:10  Drone x2  
  76  5:13  Drone  
  79  5:16  Extractor  
  79  5:17  Extractor  
  77  5:21  Drone x2  
  77  5:23  Overlord  
  77  5:24  Hatchery  
  77  5:25  Drone x2  
  77  5:27  Drone  
  81  5:30  Drone  
  81  5:32  Overlord  
  81  5:34  Overlord  
  82  5:39  Evolution Chamber  
  82  5:41  Glial Reconstitution  
  81  5:44  Baneling x2  
  81  5:46  Overseer  
  81  5:47  Roach x5  
  91  5:53  Overlord  
  91  5:55  Roach x4  
  99  5:58  Overlord  
  99  6:01  Overlord  
  98  6:04  Queen  
  98  6:05  Overlord  
  98  6:08  Overlord  
  98  6:11  Roach x2  
  104  6:16  Zerg Ground Armor Level 1, Zerg Missile Weapons Level 2  
  104  6:19  Drone  
  104  6:20  Drone x2  
  104  6:24  Overlord  
  107  6:26  Roach x2  
  107  6:29  Drone x2  
  113  6:33  Overlord  
  113  6:36  Extractor, Overlord  
  113  6:39  Roach x3  
  118  6:43  Ravager x2  
  118  6:46  Roach x4  
  128  6:49  Overlord  
  128  6:53  Overlord  
  128  6:55  Roach x3  
  132  7:03  Roach x6  
  132  7:04  Ravager x2  
  146  7:15  Roach x7  
  160  7:17  Roach x2  
  160  7:22  Overlord  
  164  7:25  Roach x4  
  171  7:33  Roach  
  171  7:34  Roach x4  
  179  7:38  Roach x4  
  179  7:40  Roach  
  181  7:44  Roach x3  
  181  7:49  Roach x3  
  183  7:53  Roach x2  
  183  7:55  Ravager  
  183  7:56  Roach, Ravager x2  
  183  7:57  Roach  
  194  7:59  Roach x2  
  194  8:02  Roach  
  198  8:13  Ravager  
  198  8:14  Tunneling Claws  
  198  8:15  Burrow, Overlord  
  198  8:19  Ravager  
  196  8:31  Roach x9  
  196  8:33  Roach x3  
  192  8:38  Roach x3  
  192  8:40  Roach  
  158  8:49  Roach x6  
  170  8:58  Roach x5  
  170  9:01  Overlord  
  180  9:04  Roach x4  
  180  9:07  Roach x2  
  192  9:18  Roach x4  
  200  9:24  Roach  
  200  9:30  Roach x5  
  200  9:33  Roach x2  
  200  9:37  Overseer  
  190  9:45  Roach x5, Drone x16  
  199  9:51  Roach  
  199  9:52  Roach x2  
  197  9:54  Overseer  
  197  9:59  Roach x10  
  197  10:02  Drone  
  188  10:09  Roach x2  
  186  10:14  Roach  
  186  10:15  Roach x4, Drone x17  
  186  10:20  Roach x3  
  199  10:30  Roach  
  199  10:31  Roach  
  197  10:39  Roach x3  
  192  10:45  Roach x5  
  179  10:52  Roach x2  
  178  10:57  Roach  
  178  11:03  Roach  
  178  11:04  Roach  
  182  11:11  Roach x2  
  182  11:14  Roach  
  182  11:16  Ravager  
  182  11:17  Ravager  
  182  11:18  Ravager  
  187  11:19  Ravager  
  188  11:27  Roach x3  
  182  11:39  Roach x2  
  149  11:42  Roach  
  149  11:45  Roach  
  112  11:48  Roach  
Tags
 
Add a new tag
Caveats
  • Supply blocks, unpowered buildings, or Contaminate may cause inaccurate times.
  • Supply counts are checked every 10 seconds.